 Dungeon Crawl Stone Soup version 0.22.1-2-g9c5b331383 (webtiles) character file.

28 McIrco the Sneak (level 2, 0/19 HPs)
             Began as a Vampire Enchanter on Jan 5, 2019.
             Slain by a hobgoblin
             ... wielding a cursed -2 club
             ... led by Robin
              (7 damage)
             ... on level 2 of the Dungeon.
             The game lasted 00:03:10 (4164 turns).

McIrco the Sneak (Vampire Enchanter)                Turns: 4164, Time: 00:03:10

Health: 0/19       AC:  7    Str:  7    XL:     2   Next: 96%
Magic:  4/5        EV: 10    Int: 17    God:
Gold:   35         SH:  0    Dex: 14    Spells: 2/5 levels left

rFire    . . .     SeeInvis +   a - +1 dagger
rCold    + + .     Gourm    .   (no shield)
rNeg     + + +     Faith    .   k - +2 ring mail {rPois}
rPois    ∞         Spirit   .   (no helmet)
rElec    .         Reflect  .   (no cloak)
rCorr    .         Harm     .   (no gloves)
MR       .....                  (no boots)
Stlth    ++++......             (no amulet)
HPRegen  0.00/turn              (no ring)
MPRegen  0.09/turn              (no ring)

@: bloodless, non-regenerating
A: fangs 3, see invisible, unbreathing
a: no special abilities


You were on level 2 of the Dungeon.
You were bloodless.

You visited 1 branch of the dungeon, and saw 2 of its levels.

You collected 35 gold pieces.

Inventory:

Hand Weapons
 a - a +1 dagger (weapon)
Armour
 b - a +0 robe
 k - a +2 ring mail of poison resistance (worn)
Jewellery
 e - a cursed ring of teleportation {unknown}
Scrolls
 d - a scroll of immolation {unknown}
 h - a scroll of teleportation {unknown}
 i - a scroll of identify {unknown}
Potions
 c - 14 potions of blood
 f - a potion of heal wounds {unknown}
 g - a potion of berserk rage {unknown}
 j - a potion of brilliance {unknown}
 l - a potion of experience {unknown}


   Skills:
 + Level 0.1 Fighting
 + Level 1.5 Short Blades
 + Level 2.3 Dodging
 + Level 5.2 Stealth
 + Level 2.2 Spellcasting
 + Level 4.8 Hexes


You had 2 spell levels left.
You knew the following spells:

 Your Spells              Type           Power        Failure   Level  Hunger
a - Corona                Hex            ###....      10%         1    #......
b - Ensorcelled Hibernat  Hex/Ice        ##....       36%         2    ###....

Your spell library contained the following spells:

 Spells                   Type           Power        Failure   Level  Hunger
 Confuse                  Hex            ###.....     28%         3    ###....
 Tukima's Dance           Hex            ###.....     28%         3    ###....
 Dazzling Spray           Conj/Hex       ##....       58%         3    ###....


Dungeon Overview and Level Annotations

Branches:
Dungeon (2/15)

Altars:

Annotations:
D:2 Robin


Innate Abilities, Weirdness & Mutations

You do not heal naturally.
You are immune to poison.
You have razor-sharp teeth.
You have supernaturally acute eyesight. (SInv)
You can survive without breathing.


Message History

Items here: ( ))) †† You closely miss the goblin.
The goblin hits you but does no damage.
You hit the goblin.
The goblin is moderately wounded.
The hobgoblin barely misses you. The goblin closely misses you.
You hit the goblin. Your bite misses the goblin.
The goblin is heavily wounded.
The hobgoblin misses you. The goblin barely misses you.
You hit the goblin.
You kill the goblin!
The hobgoblin closely misses you.
Things that are here:
a club; a scroll labeled TUUNWI CIPT
Casting: Corona (safe; 10% risk of failure)
Confirm with . or Enter, or press ? or * to list all spells.
Aiming: Corona (safe; 10% risk of failure)
Press: ? - help, Shift-Dir - straight line, f/p - hobgoblin
Aim: a hobgoblin, wielding a club (unusually strong, chance to defeat MR: 73%)
The hobgoblin is outlined in light.
The hobgoblin hits you with a club!
You die...

#########
#.......#
#.#####.#
#.# #.#
#.#####.#
#....<#.#
#######.#
#.# #@#
#g# #g#
#.# #g#
#.# #.#
..# ###


You could see Robin and 2 hobgoblins.

Vanquished Creatures
  4 bats (D:1)
  A giant cockroach (D:1)
  5 goblins
  2 hobgoblins (D:1)
  3 jackals (D:1)
  A ball python (D:1)
  4 frilled lizards (D:1)
  A kobold (D:1)
  8 rats (D:1)
29 creatures vanquished.

Notes
Turn   | Place    | Note
-------+----------+-------------------------------------------
     0 | D:1      | McIrco the Vampire Enchanter began the quest for the Orb.
     0 | D:1      | Reached XP level 1. HP: 13/13 MP: 3/3
  2522 | D:1      | Reached XP level 2. HP: 19/19 MP: 5/5
  2837 | D:1      | Reached skill level 5 in Stealth
  3590 | D:1      | Learned a level 2 spell: Ensorcelled Hibernation
  4147 | D:2      | Noticed Robin
  4164 | D:2      | Slain by a hobgoblin

Skill      XL: |  1  2 |
---------------+-------+-----
Stealth        | 5 |  5.2
Fighting       | |  0.1
Short Blades   | |  1.5
Dodging        | |  2.3
Spellcasting   | |  2.2
Hexes          | |  4.8

Action                   || total
-------------------------++-------
Melee: Dagger            ||    79
       Bite              ||     3
 Cast: Corona            ||    15
  Use: Potion            ||     2
 Stab: Sleeping          ||    11
Armor: Robe              ||     7
       Ring mail         ||     8
Dodge: Dodged            ||    57
